 Dungeon Crawl Stone Soup version 0.24-a0-584-g9d6b971 (webtiles) character file.

Game seed: 3759866042591438660, levelgen mode: deterministic

88 BoppinsLewinski the Slasher (level 4, 0/26 HPs)
             Began as a Tengu Gladiator on Sept 3, 2019.
             Slain by a gnoll
             ... wielding a +0 spear
              (7 damage)
             ... on level 2 of the Dungeon.
             The game lasted 00:05:54 (1888 turns).

BoppinsLewinski the Slasher (Tengu Gladiator)       Turns: 1888, Time: 00:05:54

Health: 0/26       AC:  3    Str: 15    XL:     4   Next: 54%
Magic:  5/5        EV: 13    Int:  8    God:
Gold:   68         SH:  0    Dex: 16    Spells: 3/3 levels left

rFire    . . .     SeeInvis .   l - +1 spear (freeze)
rCold    . . .     Gourm    .   (no shield)
rNeg     . . .     Faith    .   b - +0 leather armour
rPois    .         Spirit   .   c - +0 hat
rElec    .         Reflect  .   (no cloak)
rCorr    .         Harm     .   (no gloves)
MR       .....     Rnd*Tele +   (boots unavailable)
Stlth    ++........             (no amulet)
HPRegen  0.08/turn              (no ring)
MPRegen  0.09/turn              (no ring)

@: no status effects
A: beak, talons 3, teleportitis 2
a: no special abilities


You were on level 2 of the Dungeon.
You were not hungry.

You visited 1 branch of the dungeon, and saw 2 of its levels.

You collected 68 gold pieces.

Inventory:

Hand Weapons
 a - a +0 long sword
 l - a +1 spear of freezing (weapon)
Missiles
 d - 3 throwing nets (quivered)
Armour
 b - a +0 leather armour (worn)
 c - a +0 hat (worn)
Jewellery
 e - a +3 ring of strength {unknown}
 g - a +2 ring of intelligence {unknown}
 j - a cursed ring of attention {unknown}
 k - an uncursed ring of fire
Scrolls
 h - 2 scrolls of immolation {unknown}
 i - 4 scrolls of identify {unknown}
 m - a scroll of teleportation {unknown}
 n - a scroll of random uselessness {unknown}
Comestibles
 f - 4 rations


   Skills:
 + Level 2.2 Fighting
 - Level 4.6 Long Blades
 * Level 1.1 Polearms
 - Level 2.0 Throwing
 + Level 1.0 Armour
 - Level 3.2 Dodging
 * Level 1.9 Stealth


You had 3 spell levels left.
You didn't know any spells.
Your spell library was empty.

Dungeon Overview and Level Annotations

Branches:
Dungeon (2/15)

Altars:
Sif Muna

Annotations:
D:2 1 exclusion


Innate Abilities, Weirdness & Mutations

You have a beak for a mouth.
You have claws for feet.
You are sometimes teleported next to monsters.


Message History

Press: ? - help, Dir - move target cursor, f - gnoll
Aim: a gnoll Ye reach ta attack!
Ye hit tha gnoll.
Ye freeze tha gnoll.
Tha gnoll be moderately wounded.
Ye hit tha gnoll.
Ye freeze tha gnoll.
Ye claw tha gnoll, but do nay damage.
Ye peck tha gnoll.
Tha gnoll be severely wounded.
Tha gnoll hits ye.
Tha gnoll hits ye from afar wit' a +0 spear.
Ye barely miss tha gnoll.
Tha gnoll be severely wounded.
Tha gnoll hits ye.
Tha gnoll hits ye from afar wit' a +0 spear.
* * * LOW HITPOINT WARNIN'
* * * Ye be too injured ta fight recklessly!
Tha frilled lizard hisses angrily.
Ye see 'ere a giant cockroach corpse.
Tha gnoll hits ye but does nay damage.
Tha gnoll hits ye from afar wit' a +0 spear!
Ye die...

###.# ##. .... . ..##. ##
#######l#####...w##.####.
............).......$....
######.#####.......#####
#####†# #.##.#######
##...#g# #.# #....
##.###.g######.##.# #.###
#.## ##.@......##.# #.#
#.# #.#########.# #.#
#.###.## ##.# #.# #.#
#......###.###### #†# #.#
######..........# #.#
#.### #.#.######.#
#.###..<† #.#.# #.#
#..###### #.#.#
#.#####...# ..#..
#.##......#


You could see 2 gnolls and a frilled lizard.

Vanquished Creatures
  A gnoll (D:2)
  An adder (D:2)
  3 oozes (D:1)
  2 worms (D:1)
  2 dart slugs (D:1)
  2 leopard geckos (D:1)
  A ball python (D:1)
  4 bats
  2 giant cockroaches
  7 goblins
  5 hobgoblins
  6 kobolds
  A quokka (D:2)
  4 frilled lizards
  3 rats (D:1)
44 creatures vanquished.

Notes
Turn   | Place    | Note
-------+----------+-------------------------------------------
     0 | D:1      | BoppinsLewinski the Tengu Gladiator began the quest for the
                  | Orb.
     0 | D:1      | Reached XP level 1. HP: 12/12 MP: 2/2
   231 | D:1      | Reached XP level 2. HP: 13/17 MP: 3/3
   242 | D:1      | Reached skill level 4 in Long Blades
   833 | D:1      | Reached XP level 3. HP: 18/21 MP: 4/4
   886 | D:1      | Reached skill level 1 in Stealth
  1204 | D:2      | Gained mutation: You are occasionally teleported next to
                  | monsters. [potion of mutation]
  1204 | D:2      | Gained mutation: You are sometimes teleported next to
                  | monsters. [potion of mutation]
  1204 | D:2      | Gained mutation: You are weak. (Str -2) [potion of
                  | mutation]
  1204 | D:2      | Lost mutation: You are weak. (Str -2) [potion of mutation]
  1347 | D:1      | Reached XP level 4. HP: 18/26 MP: 5/5
  1823 | D:2      | Found a shimmering blue altar of Sif Muna.
  1867 | D:2      | Reached skill level 1 in Polearms
  1875 | D:2      | Reached skill level 1 in Armour
  1888 | D:2      | Slain by a gnoll

Levels and vault maps discovered:
D:1:      dpeg_arrival_tiny_a, layout_rooms, minmay_pentomino_x2
D:2:      layout_loops_ring, nicolae_overflow_crystal_walls

Skill      XL: |  1  2  3  4 |
---------------+-------------+-----
Long Blades    | 4 |  4.6
Stealth        | 1 |  1.9
Polearms       | 1 |  1.1
Armour         | 1 |  1.0
Fighting       | |  2.2
Throwing       | |  2.0
Dodging        | |  3.2

Action                   |  1- 3 |  4- 6 || total
-------------------------+-------+-------++-------
Melee: Long sword        |    47 |       ||    47
       Kick              |    13 |     7 ||    20
       Peck              |     8 |     4 ||    12
       Spear             |    29 |    25 ||    54
  Use: Potion            |     2 |       ||     2
 Stab: Sleeping          |       |     2 ||     2
  Eat: Chunk             |     1 |     2 ||     3
Armor: Leather armour    |     8 |     9 ||    17
Dodge: Dodged            |    39 |    10 ||    49
       Rpst.: Long sword |     6 |       ||     6

Table legend:
 A = Non-vault XP
 B = Vault XP
 C = Vault XP percentage of total XP
 D = Non-vault monster count
 E = Vault monster count
 F = Vault count percentage of total count
                 A         B        C        D         E       F
            +---------+---------+-------+---------+---------+-------
      Total |     123 |       4 |   3.1 |      43 |       1 |   2.3
            +---------+---------+-------+---------+---------+-------
        D:1 |      79 |       4 |   4.8 |      31 |       1 |   3.1
        D:2 |      44 |       0 |   0.0 |      12 |       0 |   0.0
            +---------+---------+-------+---------+---------+-------
